 Dungeon Crawl Stone Soup version 0.29.1-15-g9cfb28693d (webtiles) character file.

Game seed: 6775902779246744453

988 H0rd4k the Insei (level 8, -10/55 HPs)
             Began as an Octopode Artificer on Mar 30, 2023.
             Killed from afar by an acid dragon (26 damage)
             ... with a splash of acid
             ... on level 6 of the Dungeon.
             The game lasted 00:04:59 (6336 turns).

H0rd4k the Insei (Octopode Artificer)               Turns: 6336, Time: 00:04:59

Health: -10/55     AC: -7    Str: 11    XL:     8   Next: 18%
Magic:  13/13      EV: 13    Int: 21    God:
Gold:   161        SH:  0    Dex: 13    Spells: 14/14 levels left

rFire   . . .      SeeInvis .     - Unarmed
rCold   . . .      Faith    .   (no shield)
rNeg    . . .      Spirit   .   (helmet restricted)
rPois   .          Reflect  .   (no amulet)
rElec   .          Harm     .   k - +6 ring of intelligence
rCorr   .          Rampage  .   (no ring)
Will    .....                   (no ring)
Stlth   +++.......              (no ring)
HPRegen 0.18/turn               (no ring)
MPRegen 0.13/turn               (no ring)
                                (no ring)
                                (no ring)

@: corroded
A: almost no armour, amphibious, 8 rings, camouflage 1, gelatinous body 1,
(nimble swimmer 1), tentacles
a: no special abilities


You were on level 6 of the Dungeon.
You visited 1 branch of the dungeon, and saw 6 of its levels.

You collected 161 gold pieces.

Inventory:

Jewellery
 k - a +6 ring of intelligence (left tentacle)
 t - a +4 ring of slaying
Wands
 b - a wand of flame (3) (quivered)
 c - a wand of charming (8)
 u - a wand of digging (7)
Scrolls
 a - 3 scrolls of fear {unknown}
 e - a scroll of brand weapon {unknown}
 f - 7 scrolls of identify {unknown}
 h - a scroll of fog {unknown}
 i - a scroll of vulnerability {unknown}
 o - 2 scrolls of blinking {unknown}
 p - 2 scrolls of immolation {unknown}
 q - 3 scrolls of poison {unknown}
 r - a scroll of enchant armour {unknown}
 s - a scroll of amnesia {unknown}
Potions
 d - a potion of haste {unknown}
 g - a potion of heal wounds
 j - a potion of lignification {unknown}
 l - 3 potions of magic {unknown}
 m - 2 potions of degeneration {unknown}
 n - 3 potions of mutation {unknown}


   Skills:
 * Level 5.0 Fighting
 - Level 2.3 Dodging
 - Level 1.3 Stealth
 + Level 6.1 Unarmed Combat
 * Level 3.6 Spellcasting
 - Level 3.2 Evocations


You had 14 spell levels left.
You didn't know any spells.
Your spell library was empty.

Dungeon Overview and Level Annotations

Branches:
Dungeon (6/15)
 Temple: D:4-7

Altars:
Fedhas
Kikubaaqudgha
Nemelex Xobeh
Qazlal
Sif Muna
Trog

Shops:
D:1 *

Annotations:
D:4 exclusion: downstairs
D:6 2 runed translucent doors, exclusion: shadow, Prince Ribbit


Innate Abilities, Weirdness & Mutations

You cannot wear most types of armour.
You are amphibious.
You can wear up to eight rings at the same time.
Your skin changes colour to match your surroundings (Stealth+).
Your rubbery body absorbs attacks. (AC +1, EV +1)
((You are camouflaged when in or above water. (Stealth+)))
You have tentacles for arms and can constrict up to eight enemies at once.


Message History

You bludgeon the sky beast!
You kill the sky beast!
Your Fighting skill increases to level 5!
Your Unarmed Combat skill increases to level 6!
An orc wizard comes into view. It is wielding a +0 dagger.
Found a scroll labelled FIUTEV MAGAQU.
An orc wizard is nearby!
An orc warrior comes into view. It is wielding a +0 short sword.
An orc comes into view. It is wielding a +0 club.
You open the door.
Found a wand of flame (3).
There is an open door here.
b - a wand of flame (3)
You open the door.
Found an escape hatch in the floor.
There is an open door here.
Found 3 stones and a wand of charming (13).
Unknown command.
You open the door.
There is an open door here.
An acid dragon comes into view.
Found a stone staircase leading down.
The acid dragon roars!
The acid dragon spits acid at you. The splash of acid hits you!
The acid corrodes you!
You open the door.
Found a blossoming altar of Fedhas.
Found a scroll labelled GAASEL IBUEVOF.
Found 18 gold pieces.
Found 10 gold pieces and 3 stones.
Found a stone staircase leading down.
The acid dragon spits acid at you. The splash of acid hits you!!
* * * LOW HITPOINT WARNING * * *
The acid corrodes you!
You see here a scroll labelled GAASEL IBUEVOF.
Found a leather armour.
The acid dragon spits acid at you. The splash of acid hits you!!
You die... ### ###### ...... #....# ...... #..>.# ..PPPP

#..@.# ##..PPPP
#....###.......
#............[
#.........♣♣♣♣
P
#......?.....♣
PP
#.........._.♣


.PP ########.....♣... #D.......$ #....#### You could see an acid dragon
(catching breath).

Vanquished Creatures
  A black bear (D:5)
  A sky beast (D:6)
  2 phantoms (D:4)
  A necrophage (D:5)
  3 wights (D:4)
  4 hounds
  Ijyb (D:5)
  An iguana (D:5)
  4 gnolls (D:4)
  4 adders
  4 worms
  An orc (D:3)
  2 bat zombies (D:4)
  3 endoplasms
  2 giant cockroaches
  11 goblins
  2 hobgoblins (D:2)
  6 quokkas
  5 ball pythons
  5 bats
  3 frilled lizards
  7 kobolds
  4 rats
  A rat zombie (D:4)
78 creatures vanquished.

Vanquished Creatures (collateral kills)
  A scorpion (D:5)
  A jelly (D:5)
  An orc priest (D:6)
  A hound (D:5)
  3 orcs
7 creatures vanquished.

Vanquished Creatures (others)
  A wizard (D:4)
  A steam dragon (D:6)
  A necrophage (D:6)
  A wight (D:4)
4 creatures vanquished.

Grand Total: 89 creatures vanquished

Notes
Turn   | Place    | Note
-------+----------+-------------------------------------------
     0 | D:1      | H0rd4k the Octopode Artificer began the quest for the Orb.
     0 | D:1      | Reached XP level 1. HP: 13/13 MP: 1/1
   118 | D:1      | Found Vato's General Store.
   283 | D:1      | Reached XP level 2. HP: 18/18 MP: 3/3
   316 | D:1      | Reached skill level 1 in Spellcasting
   615 | D:1      | You fall into a shaft and drop 1 floor!
  1030 | D:2      | Found a stormy altar of Qazlal.
  1275 | D:2      | Reached XP level 3. HP: 8/24 MP: 5/5
  1575 | D:2      | Reached skill level 1 in Unarmed Combat
  2556 | D:3      | Reached XP level 4. HP: 25/29 MP: 6/6
  3711 | D:3      | Found a faded altar of an unknown god.
  3789 | D:3      | Reached skill level 2 in Unarmed Combat
  3935 | D:3      | Identified the +3 leather armour "Toun" {rN++ Dex-4}
  4068 | D:4      | Reached XP level 5. HP: 35/35 MP: 8/8
  4084 | D:4      | Reached skill level 3 in Unarmed Combat
  4084 | D:4      | Reached XP level 6. HP: 13/42 MP: 9/9
  4697 | D:4      | Reached skill level 4 in Unarmed Combat
  4902 | D:4      | Found an ancient bone altar of Kikubaaqudgha.
  4923 | D:4      | Found a bloodstained altar of Trog.
  4926 | D:4      | Noticed a wizard
  4933 | D:4      | Killed a wizard
  4983 | D:4      | Reached XP level 7. HP: 33/48 MP: 11/11
  5358 | D:5      | Entered Level 5 of the Dungeon
  5359 | D:5      | Found a sparkling altar of Nemelex Xobeh.
  5644 | D:5      | Noticed Ijyb
  5654 | D:5      | Killed Ijyb
  5655 | D:5      | Reached skill level 5 in Unarmed Combat
  5655 | D:5      | Noticed a steam dragon
  5728 | D:5      | Found a shimmering blue altar of Sif Muna.
  6085 | D:6      | Noticed a steam dragon
  6127 | D:6      | Reached XP level 8. HP: 54/54 MP: 13/13
  6172 | D:6      | Noticed a shadow
  6189 | D:6      | Noticed Prince Ribbit
  6196 | D:6      | Found a runed translucent door.
  6198 | D:6      | Found a runed translucent door.
  6237 | D:6      | Reached skill level 5 in Fighting
  6237 | D:6      | Reached skill level 6 in Unarmed Combat
  6324 | D:6      | Found a blossoming altar of Fedhas.
  6336 | D:6      | Killed from afar by an acid dragon

Illustrated notes

Levels and vault maps discovered:
D:1:      eino_arrival_tree_alley, layout_loops_ring, serial_shops,
          nicolae_shop_crystal, shop_fountains
D:2:      minmay_alternating_diamond, layout_basic, basic_altar,
          lemuel_flame_loot_1
D:3:      layout_loops_ring, shapermc_ecumenical_altar_mp_urbaneastern,
          st_stairs_7
D:4:      layout_gridville, lemuel_zombie_altar_kikubaaqudgha, trog_wizard
D:5:      layout_cave_pools, nemelex_xobeh_ov_fountains_minmay,
          mainiacjoe_overflow_alcove_4, minmay_misc_feat_columns, uniq_ijyb
D:6:      lemuel_insect_pit, layout_gridville, nicolae_qazlal_eye_of_the_storm,
          mainiacjoe_overflow_chevrons, minmay_misc_feat_room,
          uniq_prince_ribbit1

Skill      XL: |  1  2  3  4  5  6  7  8 |
---------------+-------------------------+-----
Spellcasting   | 1 2 3 |  3.6
Fighting       | 2 3 4 5 |  5.0
Unarmed Combat | 1 2 3 4 5 6 |  6.1
Dodging        | |  2.3
Stealth        | |  1.3
Evocations     | |  3.2

Action                   |  1- 3 |  4- 6 |  7- 9 || total
-------------------------+-------+-------+-------++-------
Melee: Unarmed           |   101 |    73 |    36 ||   210
       Constrict         |    29 |    19 |     6 ||    54
       Tentacles         |    27 |    23 |     8 ||    58
       Punch             |     2 |       |       ||     2
Evoke: Wand              |       |    15 |    12 ||    27
  Use: Potion            |     1 |       |       ||     1
 Stab: Sleeping          |     9 |     3 |     1 ||    13
       Distracted        |       |     1 |       ||     1
       Betrayed ally     |       |       |     1 ||     1
Armor: Skin              |    12 |    11 |     1 ||    24
Dodge: Dodged            |    63 |    31 |    23 ||   117
